 Dungeon Crawl Stone Soup version 0.28.0 (webtiles) character file.

Game seed: 18286303319727854213

1437 GrayStillPlays the Covered (level 9, -2/70 HPs)
             Began as a Formicid Fighter on Feb 11, 2022.
             Was a Follower of Lugonu.
             Slain by an orc warrior (6 damage)
             ... on level 6 of the Dungeon.
             The game lasted 00:24:52 (9139 turns).

GrayStillPlays the Covered (Formicid Fighter)       Turns: 9139, Time: 00:24:52

Health: -2/70      AC:  9    Str: 24    XL:     9   Next: 3%
Magic:  0/13       EV: 10    Int:  9    God:    Lugonu [*.....]
Gold:   204        SH:  4    Dex: 10    Spells: 11/14 levels left

rFire   . . .      SeeInvis +   a - +1 war axe {axe}
rCold   . . .      Faith    .   c - +0 buckler
rNeg    . . .      Spirit   +   b - +0 scale mail
rPois   .          Reflect  .   (helmet unavailable)
rElec   .          Harm     .   E - scarf {shadows}
rCorr   .          Rampage  .   I - +0 pair of gloves
Will    .....                   (no boots)
Stlth   ..........              g - amulet of guardian spirit
HPRegen 0.21/turn               G - ring of flight
MPRegen 0.13/turn               (no ring)

@: flying
A: permanent stasis, dig shafts and tunnels, antennae 3, four strong arms
a: Dig, Shaft Self, Renounce Religion, Depart the Abyss


You were on level 6 of the Dungeon.
You worshipped Lugonu.
Lugonu was aware of your devotion.
You visited 2 branches of the dungeon, and saw 7 of its levels.

You collected 204 gold pieces.


Innate Abilities, Weirdness & Mutations

You cannot be hasted, slowed, berserked, paralysed or teleported.
You can dig through walls and to a lower floor.
You have a pair of large antennae on your head. (SInv)
Your four strong arms can wield two-handed weapons with a shield.


   Skills:
 - Level 6.3 Fighting
 + Level 5.4 Axes
 + Level 6.5 Armour
 + Level 2.9 Dodging
 - Level 4.4 Shields
 + Level 3.2 Spellcasting
 + Level 0.9 Earth Magic
 + Level 0.9 Invocations


You had 11 spell levels left.
You knew the following spells:

 Your Spells              Type           Power      Damage    Failure   Level
a - Stone Arrow           Conj/Erth      4%         3d7       90%         3

Your spell library contained the following spells:

 Spells                   Type           Power      Damage    Failure   Level
 Ensorcelled Hibernation  Hex/Ice        2%         N/A       77%         2
 Spider Form              Tmut/Pois      1%         N/A       94%         3
 Anguish                  Hex/Necr       0%         N/A       100%        4
 Animate Armour           Summ/Erth      4%         N/A       100%        4
 Lehudib's Crystal Spear  Conj/Erth      1%         10d2      100%        8

Inventory:

Hand Weapons
 a - a +1 war axe (weapon) {axe}
Missiles
 f - 118 stones {throwing}
 i - 54 sling bullets
 m - 87 bolts
 p - 90 arrows
 x - a throwing net {=f!fthrowing}
 z - 6 boomerangs (quivered) {throwing}
 C - 3 boomerangs of dispersal {=f!fthrowing}
 D - 3 javelins {throwing}
Armour
 b - a +0 scale mail (worn)
 c - a +0 buckler (worn)
 E - a scarf of shadows (worn)
   (You found it on level 5 of the Dungeon)
 I - a +0 pair of gloves (worn)
   (You found it on level 6 of the Dungeon)
 K - a +2 robe of positive energy
   (You took it off an orc wizard on level 6 of the Dungeon)
Magical Staves
 l - a staff of fire {!astaff}
   (You found it on level 2 of the Dungeon)
 A - a staff of fire {!astaff}
   (You found it on level 5 of the Dungeon)
Jewellery
 g - an amulet of guardian spirit (around neck)
   (You found it on level 1 of the Dungeon)
 G - a ring of flight (left hand)
   (You found it on level 6 of the Dungeon)
Scrolls
 e - 2 scrolls of fear {unknown}
 h - a scroll of vulnerability {unknown}
 n - 3 scrolls of identify {unknown}
 q - a scroll of brand weapon {unknown}
 t - a scroll of enchant weapon
 u - 3 scrolls of teleportation {@r4}
 v - a scroll of amnesia {unknown}
 y - a scroll of enchant armour {unknown}
 H - a scroll of immolation {unknown}
 J - a scroll of magic mapping {unknown}
Potions
 d - a potion of might
 j - a potion of invisibility {unknown}
 k - 2 potions of heal wounds {unknown}
 o - 2 potions of flight {unknown}
 w - a potion of brilliance {unknown}
 F - a potion of lignification {unknown}

Dungeon Overview and Level Annotations

Branches:
Dungeon (6/15)             Temple (1/1) D:5

Altars:
Ashenzari
Cheibriados
Dithmenos
Elyvilon
Gozag
Hepliaklqana
Makhleb
Nemelex Xobeh
Okawaru
Qazlal
Ru
Sif Muna
Trog
Vehumet
Wu Jian
Xom
Yredelemnul
Lugonu

Shops:
D:4 (

Annotations:
D:2 1 runed translucent door, Crazy Yiuf

#.#..[.<..####.###..#
#.#.####............#
.
#.#............#.####
# #.#######.######.#
#.# #.# #.# #.# ##o##
#.# ####.### ##o#.##
#.# ........
##.###@####.#
####.##.###.##
##.....#
o{...{{.###.######
##{......#.##
########.## ###


You could see an orc warrior.


Message History

You now have 204 gold pieces (gained 11).
A scorpion comes into view.
You see here a +0 ring mail.
Throw: 6 boomerangs {throwing}
Press: ? - help, Q - select action, (/) - cycle Shift-Dir - straight line, f - scorpion
Aim: a scorpion (59% to hit)
You throw a boomerang {throwing}.
The boomerang {throwing} closely misses the scorpion.
Throw: 6 boomerangs {throwing}
Press: ? - help, Q - select action, (/) - cycle Shift-Dir - straight line, f/p - scorpion
Aim: a scorpion (59% to hit)
You throw a boomerang {throwing}.
The boomerang {throwing} closely misses the scorpion.
Throw: 6 boomerangs {throwing}
Press: ? - help, Q - select action, (/) - cycle Shift-Dir - straight line, f/p - scorpion
Aim: a scorpion (59% to hit)
You throw a boomerang {throwing}.
The boomerang {throwing} barely misses the scorpion.
The scorpion stings you. 😕 HP[-4]
You take 4 damage, and now have 61/65 hp.
You hit the scorpion.
The scorpion closely misses you. 😕 HP[+1]
You barely miss the scorpion.
The scorpion stings you but does no damage.
The scorpion stings you. 😕 HP[-2] MP[-1]
You take 2 damage, and now have 60/65 hp.
You lost 1 mp, and now have 11/12 mp.
You hit the scorpion but do no damage. The scorpion stings you. 😕 HP[-1]
You take 1 damage, and now have 59/65 hp.
You closely miss the scorpion. The scorpion stings you!
You block the scorpion's attack. 😕 HP[-6] MP[-1]
You take 6 damage, and now have 53/65 hp.
You lost 1 mp, and now have 10/12 mp.
You hit the scorpion but do no damage.
You block the scorpion's attack. 😕 HP[+1]
You slash the scorpion!
You kill the scorpion!
Lugonu accepts your kill.
You have reached level 9!
Your experience leads to an increase in your attributes!
Increase (S)trength, (I)ntelligence, or (D)exterity?
You feel stronger. x2 😕 HP[+4]
You now have 70 max hp (+5).
You regained 4 hp, and now have 58/70 hp.
An orc wizard is nearby! 😎 HP[+12] MP[+3]
Your hp is fully restored (70).
Your mp is fully restored (13).
The orc wizard shouts!
You hear a shout!
You hit the orc wizard.
The orc wizard hits you with a +2 dagger of pain.
You writhe in agony. 😕 HP[-4] MP[-2]
You take 4 damage, and now have 66/70 hp.
You lost 2 mp, and now have 11/13 mp.
You hit the orc wizard. The orc wizard misses you.
You hit the orc warrior but do no damage.
You hit the orc warrior.
The orc warrior hits you with a +0 glaive. 😕 HP[-3]
You take 3 damage, and now have 63/70 hp.
You barely miss the orc warrior.
The orc warrior hits you with a +0 glaive! x2
You hear a shout! 😮 HP[-20] MP[-4]
You take 20 damage, and now have 43/70 hp.
MASSIVE DAMAGE!! (PAUSE)
You lost 4 mp, and now have 7/13 mp.
You slash the orc warrior!
You hear a shout!
The orc warrior hits you with a +0 glaive!!
* * * LOW HITPOINT WARNING * * *
😨 HP[-17] MP[-3]
You take 17 damage, and now have 26/70 hp.
MASSIVE DAMAGE!! (PAUSE)
You lost 3 mp, and now have 4/13 mp.
You slash the orc warrior!
The orc warrior hits you with a +0 glaive!
* * * LOW HITPOINT WARNING * * *
😨 HP[-8] MP[-1]
You take 8 damage, and now have 18/70 hp.
You lost 1 mp, and now have 3/13 mp.
You barely miss the orc warrior. You block the orc warrior's attack.
The orc warrior hits you with a +0 glaive.
* * * LOW HITPOINT WARNING * * *
😱 HP[-2] MP[-1]
You take 2 damage, and now have 16/70 hp.
You lost 1 mp, and now have 2/13 mp.
You hit the orc warrior but do no damage.
The orc warrior hits you with a +0 glaive!
* * * LOW HITPOINT WARNING * * *
😱 HP[-12] MP[-2]
You take 12 damage, and now have 4/70 hp.
You lost 2 mp, and now have 0/13 mp.
The orc warrior hits you from afar with a +0 glaive.
You die...

Skill      XL: |  1  2  3  4  5  6  7  8 |
---------------+-------------------------+-----
Shields        | 4 |  4.4
Fighting       | 4 5 6 |  6.3
Armour         | 4 5 6 |  6.5
Axes           | 3 4 5 |  5.4
Dodging        | 1 2 |  2.9
Spellcasting   | 2 3 |  3.2
Earth Magic    | |  0.9
Invocations    | |  0.9

Action                   |  1- 3 |  4- 6 |  7- 9 || total
-------------------------+-------+-------+-------++-------
Melee: War axe           |    94 |    86 |   246 ||   426
Throw: Dart              |       |    11 |       ||    11
       Stone             |       |     3 |     1 ||     4
       Javelin           |       |       |     7 ||     7
       Boomerang         |       |       |     4 ||     4
 Abil: Dig               |       |     1 |       ||     1
  Use: Potion            |       |       |     2 ||     2
       Scroll            |       |       |     2 ||     2
Armor: Scale mail        |    76 |    41 |   101 ||   218
Dodge: Dodged            |    63 |    42 |   111 ||   216
Block: Buckler           |    26 |    23 |    43 ||    92

Levels and vault maps discovered:
D:1:      giann_bridges, layout_basic, hellmonk_ecumenical_altar_crossroads,
          minivault_19
D:2:      layout_loops_corners, kennysheep_small_spiral,
          uniq_crazy_yiuf_cottage, uniq_jessica
D:3:      layout_loops_ring, lemuel_crystal_altar, marbit_many_paths,
          hangedman_decor_points, columned_hall_lemuel, kennysheep_boxes
D:4:      kennysheep_big_flooded_room, layout_basic, kennysheep_mini,
          mainiacjoe_overflow_small_starburst, chequers_serial_rivers_small_b,
          nicolae_shop_firing_range
D:5:      layout_loops_corners, nicolae_overflow_hidden_temple,
          nicolae_overflow_crystal_walls, minmay_temple_entry_glass,
          uniq_eustachio, uniq_menkaure
D:6:      layout_loops_ring, slow_altar_2
Temple:   corrupted_temple

Notes
Turn   | Place    | Note
-------+----------+-------------------------------------------
     0 | D:1      | GrayStillPlays the Formicid Fighter began the quest for the
                  | Orb.
     0 | D:1      | Reached XP level 1. HP: 18/18 MP: 1/1
     0 | D:1      | magus.rc [v1.9.6]
   210 | D:1      | Reached XP level 2. HP: 24/24 MP: 2/2
   211 | D:1      | Found a faded altar of an unknown god.
   246 | D:1      | Reached skill level 4 in Shields
   248 | D:1      | Reached XP level 3. HP: 15/29 MP: 3/3
   257 | D:1      | HP: 6/29 [jackal (2)]
  1363 | D:2      | Found a runed translucent door.
  1364 | D:2      | Noticed Crazy Yiuf
  1603 | D:2      | Noticed Jessica
  1623 | D:2      | Killed Jessica
  1624 | D:2      | Reached XP level 4. HP: 27/37 MP: 2/4
  1990 | D:2      | Reached skill level 4 in Fighting
  1990 | D:2      | Reached skill level 4 in Armour
  2579 | D:3      | Reached XP level 5. HP: 32/42 MP: 3/5
  2777 | D:3      | Identified the +1 leather armour "Mohofi" {Fly Int-5 SInv
                  | Stlth+}
  2833 | D:3      | Found an opulent altar of Gozag.
  2843 | D:3      | Reached skill level 3 in Axes
  2867 | D:3      | Found a radiant altar of Vehumet.
  3300 | D:3      | Noticed an ogre
  3338 | D:3      | HP: 8/43 [ogre (19)]
  3606 | D:4      | Found a shadowy altar of Dithmenos.
  3754 | D:4      | Reached XP level 6. HP: 30/49 MP: 4/6
  3823 | D:4      | HP: 11/49 [acid (4)]
  4101 | D:4      | Reached skill level 5 in Fighting
  4101 | D:4      | Reached skill level 5 in Armour
  4197 | D:4      | Noticed an ogre
  4232 | D:4      | Killed an ogre
  4233 | D:4      | Reached skill level 4 in Axes
  4233 | D:4      | Reached XP level 7. HP: 34/56 MP: 4/7
  4432 | D:4      | Found a broken altar of Ashenzari.
  4902 | D:4      | Found Faps's Firing Range.
  4982 | D:5      | Entered Level 5 of the Dungeon
  5189 | D:5      | Noticed Menkaure
  5202 | D:5      | Killed Menkaure
  5203 | D:5      | Reached skill level 1 in Dodging
  5203 | D:5      | Reached skill level 1 in Spellcasting
  5484 | D:5      | HP: 4/56 [ogre (11)]
  5845 | D:4      | HP: 14/56 [ogre (17)]
  6147 | D:5      | Noticed Eustachio
  6278 | D:5      | Killed Eustachio
  6279 | D:5      | Reached skill level 2 in Spellcasting
  6279 | D:5      | Reached XP level 8. HP: 55/64 MP: 6/11
  6515 | D:5      | Reached skill level 6 in Armour
  6515 | D:5      | Reached skill level 2 in Dodging
  6666 | D:5      | Reached skill level 6 in Fighting
  6674 | D:5      | Reached skill level 5 in Axes
  6758 | D:5      | Found a staircase to the Ecumenical Temple.
  6771 | Temple   | Entered the Ecumenical Temple
  6817 | Temple   | Became a worshipper of Lugonu the Unformed
  6817 | Temple   | Reached * piety under Lugonu
  6996 | D:5      | Found a bloodstained altar of Trog.
  6996 | D:5      | Found a shimmering altar of Xom.
  6997 | D:5      | Found a burning altar of Makhleb.
  7039 | D:5      | Found a hazy altar of Hepliaklqana.
  7137 | D:5      | Found an iron altar of Okawaru.
  7138 | D:5      | Found a sparkling altar of Nemelex Xobeh.
  7484 | D:6      | HP: 12/64 [orc warrior (15)]
  7493 | D:6      | HP: 3/64 [orc wizard/puff of flame (11)]
  8282 | D:6      | HP: 16/64 [poisoned by a water moccasin]
  8287 | D:6      | HP: 11/64 [poisoned by a water moccasin]
  8660 | D:6      | Reached skill level 3 in Spellcasting
  8725 | D:6      | You pick up a book of Dreams and begin reading...
  8725 | D:6      | You add the spells Ensorcelled Hibernation, Spider Form and
                  | Anguish to your library.
  8735 | D:6      | You pick up a book of Armaments and begin reading...
  8735 | D:6      | You add the spells Stone Arrow, Animate Armour and
                  | Lehudib's Crystal Spear to your library.
  8741 | D:6      | Learned a level 3 spell: Stone Arrow
  8880 | D:6      | Found a snail-covered altar of Cheibriados.
  8965 | D:6      | Reached XP level 9. HP: 58/70 MP: 10/13
  9137 | D:6      | HP: 16/70 [orc warrior (3)]
  9138 | D:6      | HP: 4/70 [orc warrior (12)]
  9139 | D:6      | Slain by an orc warrior

Vanquished Creatures
  Eustachio (D:5)
  Menkaure (D:5)
  A water moccasin (D:6)
  2 ogres
  2 phantoms (D:5)
  A centaur (D:6)
  3 scorpions
  A water moccasin skeleton (D:4)
  2 hounds
  A jelly (D:4)
  Jessica (D:2)
  4 orc wizards
  7 gnolls
  7 adders
  2 ufetubi
  2 adder skeletons
  A worm (D:6)
  A dart slug (D:1)
  20 orcs
  5 bats
  4 endoplasms
  5 giant cockroaches
  5 goblins
  2 hobgoblins (D:1)
  7 jackals
  3 kobolds
  3 quokkas
  9 ball pythons
  4 frilled lizards
  8 rats
115 creatures vanquished.

Vanquished Creatures (others)
  52 plants (D:3)
52 creatures vanquished.

Grand Total: 167 creatures vanquished

Table legend:
 A = Non-vault XP
 B = Vault XP
 C = Vault XP percentage of total XP
 D = Non-vault monster count
 E = Vault monster count
 F = Vault count percentage of total count
                 A         B        C        D         E       F
            +---------+---------+-------+---------+---------+-------
      Total |    1514 |     539 |  26.3 |     108 |       7 |   6.1
            +---------+---------+-------+---------+---------+-------
        D:1 |      53 |       0 |   0.0 |      31 |       0 |   0.0
        D:2 |      33 |      37 |  52.9 |      10 |       1 |   9.1
        D:3 |     136 |       2 |   1.4 |      15 |       1 |   6.2
        D:4 |     265 |     126 |  32.2 |      19 |       2 |   9.5
        D:5 |     493 |     369 |  42.8 |      18 |       2 |  10.0
        D:6 |     534 |       5 |   0.9 |      15 |       1 |   6.2
            +---------+---------+-------+---------+---------+-------

Illustrated notes

Table legend:
 A = Kills in this place as a percentage of kills in entire the game.
 B = Kills by you in this place as a percentage of kills by you in the entire game.
 C = Kills by friends in this place as a percentage of kills by friends in the entire game.
 D = Other kills in this place as a percentage of other kills in the entire game.
 E = Experience gained in this place as a percentage of experience gained in the entire game.
 F = Experience gained in this place divided by the number of levels of this place that you have seen.
                   A       B       C       D       E      F
               +-------+-------+-------+-------+-------+----------------------
         Total | 100.0 | 100.0 |   N/A |   N/A | 100.0 | 293.3
       Dungeon | 100.0 | 100.0 |   N/A |   N/A | 100.0 | 342.2
               +-------+-------+-------+-------+-------+----------------------

Table legend: (Time is in decaauts)
 A = Elapsed time spent in this place.
 B = Non-inter-level travel time spent in this place.
 C = Inter-level travel time spent in this place.
 D = Time resting spent in this place.
 E = Time spent auto-exploring this place.
 F = Levels seen in this place.
 G = Mean time per level.
                   A        B        C        D        E       F      G
               +--------+--------+--------+--------+--------+-----+--------+
         Total |   9296 |   9011 |    285 |   2560 |   4094 |   7 | 1328.0 |
       Dungeon |   9232 |   8960 |    272 |   2560 |   4094 |   6 | 1538.7 |
        Temple |     63 |     50 |     13 |      0 |      0 |   1 |   63.0 |
               +--------+--------+--------+--------+--------+-----+--------+

Top non-repeatable levels by time:
     D:5: 2406 daAuts
     D:4: 2064 daAuts
     D:2: 1396 daAuts
     D:6: 1228 daAuts
     D:3: 1143 daAuts
     D:1: 994 daAuts
  Temple: 63 daAuts
